General information
- name: BNet
- type: Ladder team game (AT/RT)
- host: Battle.net
- saver: FromOutONowhere
map: Cherryville
- players: 8
- length: 27:03
- speed: Fast
- version: 1.26 W3XP
- replay type: Public
» download(201 KB)
Players
team 1 (loser)
Sa(V)soN (
blue | 40 APM | 1061 actions | 26:21)
4 Mountain King
2 Bash
1 Thunder Clap
1 Storm Bolt
2 Paladin
1 Holy Light
1 Divine Shield
1 Lich
1 Frost Armor
» actions
| Basic commands | 13 | |
| Build / train | 105 | |
| Enter build submenu | 33 | |
| Enter hero's abilities submenu | 7 | |
| Give item / drop item | 5 | |
| Remove unit from queue | 1 | |
| Right click | 457 | |
| Select / deselect | 331 | |
| Use ability | 109 | |
1061 total
» units
| Peasant | 16 | |
| Footman | 7 | |
| Knight | 9 | |
| Mortar Team | 6 | |
| Siege Engine | 3 | |
| Sorceress | 3 | |
| Flying Machine | 4 | |
| Crypt Fiend | 2 | |
50 total
» upgrades
| Defend | 1 | |
| Lumber Harvesting | 2 | |
| Fragmentation Shards | 1 | |
| Barrage | 1 | |
| Animal War Training | 1 | |
| Gunpowder | 2 | |
| Armor | 1 | |
| Flare | 1 | |
| Sorceress Training | 2 | |
| Flak Cannons | 1 | |
| Flying Machine Bombs | 1 | |
14 total
» buildings
| Altar of Kings | 1 | |
| Farm | 14 | |
| Barracks | 2 | |
| Lumber Mill | 1 | |
| Scout Tower | 7 | |
| Arcane Vault | 1 | |
| Guard Tower | 6 | |
| Arcane Tower | 1 | |
| Keep | 1 | |
| Town Hall | 1 | |
| Castle | 1 | |
| Blacksmith | 1 | |
| Workshop | 2 | |
| Arcane Sanctum | 1 | |
40 total
» build order
00:15 Altar of Kings
00:25 Farm
00:28 Farm
00:37 Barracks
01:00 Lumber Mill
01:53 Farm
02:37 Scout Tower
02:49 Arcane Vault
03:08 Scout Tower
03:18 Guard Tower
03:39 Arcane Tower
03:52 Keep
04:24 Scout Tower
04:30 Farm
05:06 Guard Tower
05:25 Farm
06:37 Scout Tower
06:43 Town Hall
06:45 Scout Tower
07:03 Castle
07:09 Guard Tower
07:12 Scout Tower
07:51 Blacksmith
08:24 Guard Tower
08:26 Guard Tower
09:28 Workshop
11:21 Workshop
11:45 Farm
11:53 Farm
12:45 Farm
12:49 Farm
13:26 Farm
13:29 Farm
14:42 Farm
15:28 Farm
16:26 Farm
18:01 Barracks
18:43 Arcane Sanctum
20:48 Scout Tower
21:32 Guard Tower
» items
| Scroll of Regeneration | 9 | |
| Boots of Speed | 1 | |
| Lesser Clarity Potion | 5 | |
| Scroll of Town Portal | 3 | |
| Orb of Fire | 1 | |
| Potion of Healing | 1 | |
20 total
Shea_A (
teal | 89 APM | 2046 actions | 22:59)
5 Death Knight
3 Death Coil
2 Unholy Aura
1 Lich
1 Frost Nova
» actions
| Assign group hotkey | 36 | |
| Basic commands | 120 | |
| Build / train | 68 | |
| ESC pressed | 8 | |
| Enter build submenu | 20 | |
| Enter hero's abilities submenu | 6 | |
| Give item / drop item | 3 | |
| Right click | 972 | |
| Select / deselect | 263 | |
| Select group hotkey | 461 | |
| Use ability | 89 | |
2046 total
» units
| Acolyte | 24 | |
| Ghoul | 4 | |
| Crypt Fiend | 8 | |
| Frost Wyrm | 2 | |
38 total
» upgrades
| Creature Attack | 1 | |
| Burrow | 1 | |
| Web | 1 | |
3 total
» buildings
| Graveyard | 1 | |
| Crypt | 3 | |
| Altar of Darkness | 1 | |
| Ziggurat | 6 | |
| Tomb of Relics | 1 | |
| Nerubian Tower | 1 | |
| Halls of the Dead | 3 | |
| Black Citadel | 1 | |
| Sacrificial Pit | 1 | |
| Boneyard | 1 | |
19 total
» build order
00:14 Graveyard
00:23 Crypt
00:45 Altar of Darkness
01:00 Ziggurat
01:41 Tomb of Relics
01:56 Ziggurat
02:07 Nerubian Tower
04:03 Halls of the Dead
04:04 Halls of the Dead
04:39 Ziggurat
04:58 Ziggurat
06:08 Ziggurat
06:40 Black Citadel
08:13 Sacrificial Pit
10:37 Boneyard
18:40 Crypt
18:41 Crypt
18:59 Ziggurat
» items
| Rod of Necromancy | 1 | |
| Healing Salve | 1 | |
| Lesser Clarity Potion | 1 | |
| Scroll of Town Portal | 1 | |
| Potion of Healing | 1 | |
5 total

»
Bruddamon (
red | 67 APM | 1733 actions | 25:59)
4 Warden
2 Shadow Strike
2 Blink
4 Keeper of the Grove
2 Entangling Roots
2 Thorns Aura
» actions
| Assign group hotkey | 45 | |
| Basic commands | 152 | |
| Build / train | 79 | |
| Enter build submenu | 22 | |
| Enter hero's abilities submenu | 8 | |
| Give item / drop item | 2 | |
| Right click | 584 | |
| Select / deselect | 538 | |
| Select group hotkey | 232 | |
| Use ability | 71 | |
1733 total
» units
| Wisp | 20 | |
| Archer | 8 | |
| Chimaera | 14 | |
| Dryad | 10 | |
| Mountain Giant | 1 | |
| Frost Wyrm | 1 | |
54 total
» upgrades
| Strength of the Wild | 3 | |
| Corrosive Breath | 1 | |
| Reinforced Hides | 3 | |
| Abolish Magic | 1 | |
8 total
» buildings
| Altar of Elders | 1 | |
| Moon Well | 8 | |
| Ancient of War | 1 | |
| Tree of Ages | 1 | |
| Tree of Life | 1 | |
| Hunter's Hall | 1 | |
| Tree of Eternity | 1 | |
| Ancient of Wind | 1 | |
| Chimaera Roost | 3 | |
| Ancient of Wonders | 1 | |
| Ancient of Lore | 3 | |
22 total
» build order
00:07 Altar of Elders
00:19 Moon Well
00:33 Ancient of War
01:28 Moon Well
02:36 Moon Well
03:42 Tree of Ages
04:55 Tree of Life
05:02 Moon Well
05:26 Hunter's Hall
06:07 Tree of Eternity
06:36 Ancient of Wind
08:32 Chimaera Roost
08:34 Chimaera Roost
08:40 Moon Well
09:47 Chimaera Roost
11:47 Ancient of Wonders
11:51 Moon Well
12:52 Moon Well
18:58 Moon Well
20:31 Ancient of Lore
20:44 Ancient of Lore
20:50 Ancient of Lore
» items
| Scroll of Town Portal | 3 | |
| Potion of Lesser Invulnerability | 1 | |
| Boots of Speed | 1 | |
5 total

»
El_poyo (
yellow | 32 APM | 858 actions | 27:01)
3 Blademaster
2 Wind Walk
1 Mirror Image
» actions
| Assign group hotkey | 2 | |
| Basic commands | 1 | |
| Build / train | 78 | |
| Enter build submenu | 21 | |
| Enter hero's abilities submenu | 3 | |
| Remove unit from queue | 8 | |
| Right click | 333 | |
| Select / deselect | 289 | |
| Select group hotkey | 61 | |
| Use ability | 62 | |
858 total
» units
| Peon | 35 | |
| Grunt | 3 | |
| Tauren | 17 | |
| Spirit Walker | 1 | |
56 total
» upgrades
| Melee Weapons | 2 | |
| Armor | 2 | |
| Spirit Walker Training | 2 | |
| Witch Doctor Training | 1 | |
7 total
» buildings
| Orc Burrow | 11 | |
| Altar of Storms | 1 | |
| Barracks | 1 | |
| Stronghold | 1 | |
| War Mill | 1 | |
| Voodoo Lounge | 1 | |
| Fortress | 1 | |
| Spirit Lodge | 1 | |
| Great Hall | 1 | |
| Tauren Totem | 2 | |
21 total
» build order
00:29 Orc Burrow
00:50 Altar of Storms
01:33 Orc Burrow
02:02 Barracks
02:14 Orc Burrow
02:34 Stronghold
02:57 War Mill
03:39 Orc Burrow
04:38 Voodoo Lounge
05:23 Fortress
05:31 Spirit Lodge
06:13 Great Hall
07:30 Orc Burrow
08:15 Tauren Totem
08:45 Tauren Totem
10:04 Orc Burrow
15:59 Orc Burrow
17:08 Orc Burrow
17:17 Orc Burrow
17:26 Orc Burrow
17:30 Orc Burrow
» items
| Orb of Lightning | 1 | |
| Tiny Great Hall | 1 | |
2 total
team 2 (winner)

»
sweexcandy (
orange | 91 APM | 2463 actions | 27:02)
8 Tauren Chieftain
3 War Stomp
3 Endurance Aura
1 Reincarnation
1 Shockwave
5 Shadow Hunter
2 Healing Wave
3 Hex
» actions
| Assign group hotkey | 24 | |
| Basic commands | 81 | |
| Build / train | 64 | |
| Enter build submenu | 23 | |
| Enter hero's abilities submenu | 13 | |
| Give item / drop item | 4 | |
| Right click | 681 | |
| Select / deselect | 437 | |
| Select group hotkey | 1023 | |
| Use ability | 113 | |
2463 total
» units
| Peon | 9 | |
| Troll Headhunter/Berserker | 11 | |
| Shaman | 1 | |
| Troll Witch Doctor | 1 | |
| Tauren | 1 | |
23 total
» upgrades
| Armor | 1 | |
| Ranged Weapons | 1 | |
| Troll Regeneration | 1 | |
| Shaman Training | 2 | |
| Witch Doctor Training | 2 | |
| Berserker Upgrade | 1 | |
| Spiked Barricades | 1 | |
9 total
» buildings
| Altar of Storms | 1 | |
| Orc Burrow | 6 | |
| War Mill | 1 | |
| Barracks | 1 | |
| Voodoo Lounge | 1 | |
| Stronghold | 2 | |
| Great Hall | 6 | |
| Watch Tower | 1 | |
| Spirit Lodge | 2 | |
| Fortress | 1 | |
22 total
» build order
00:11 Altar of Storms
00:22 Orc Burrow
00:53 War Mill
01:11 Barracks
01:41 Orc Burrow
02:13 Voodoo Lounge
03:45 Orc Burrow
05:33 Stronghold
05:41 Great Hall
07:44 Watch Tower
08:09 Spirit Lodge
08:18 Fortress
08:56 Spirit Lodge
12:09 Great Hall
15:44 Great Hall
15:53 Great Hall
18:24 Great Hall
21:54 Orc Burrow
25:43 Stronghold
26:00 Orc Burrow
26:08 Great Hall
26:32 Orc Burrow
» items
| Healing Salve | 4 | |
| Lesser Clarity Potion | 1 | |
| Scroll of Speed | 1 | |
| Periapt of Vitality | 1 | |
| Potion of Healing | 1 | |
| Scroll of Town Portal | 3 | |
| Orb of Lightning | 2 | |
| Potion of Lesser Invulnerability | 1 | |
14 total

»
Jeezeus (
purple | 55 APM | 1484 actions | 27:02)
6 Dreadlord
2 Sleep
2 Vampiric Aura
1 Carrion Swarm
1 Inferno
4 Dark Ranger
2 Black Arrow
2 Life Drain
1 Tauren Chieftain
1 Shockwave
» actions
| Assign group hotkey | 21 | |
| Build / train | 77 | |
| Enter build submenu | 23 | |
| Enter hero's abilities submenu | 11 | |
| Give item / drop item | 2 | |
| Remove unit from queue | 2 | |
| Right click | 723 | |
| Select / deselect | 332 | |
| Select group hotkey | 215 | |
| Use ability | 78 | |
1484 total
» units
| Acolyte | 8 | |
| Ghoul | 16 | |
| Assassin | 1 | |
| Kobold Geomancer | 1 | |
| Abomination | 5 | |
| Obsidian Statue | 1 | |
| Gargoyle | 13 | |
45 total
» upgrades
| Unholy Strength | 2 | |
| Cannibalize | 1 | |
| Unholy Armor | 2 | |
| Disease Cloud | 1 | |
| Creature Attack | 1 | |
7 total
» buildings
| Ziggurat | 11 | |
| Altar of Darkness | 1 | |
| Crypt | 1 | |
| Graveyard | 1 | |
| Nerubian Tower | 1 | |
| Tomb of Relics | 1 | |
| Halls of the Dead | 1 | |
| Spirit Tower | 4 | |
| Sacrificial Pit | 2 | |
| Black Citadel | 1 | |
| Slaughterhouse | 2 | |
26 total
» build order
00:09 Ziggurat
00:12 Altar of Darkness
00:37 Crypt
00:54 Ziggurat
01:37 Graveyard
02:18 Ziggurat
03:48 Nerubian Tower
04:08 Tomb of Relics
04:16 Ziggurat
05:50 Ziggurat
06:02 Halls of the Dead
07:42 Spirit Tower
07:56 Ziggurat
08:54 Spirit Tower
10:09 Sacrificial Pit
11:28 Black Citadel
11:38 Ziggurat
13:30 Slaughterhouse
13:35 Spirit Tower
13:43 Slaughterhouse
14:47 Ziggurat
14:50 Sacrificial Pit
14:53 Ziggurat
21:18 Ziggurat
23:33 Spirit Tower
23:43 Ziggurat
» items
FromOutONowhere (
green | 70 APM | 1903 actions | 27:03)
8 Blood Mage
3 Flame Strike
3 Siphon Mana
1 Summon Phoenix
1 Banish
» actions
| Assign group hotkey | 152 | |
| Basic commands | 15 | |
| Build / train | 87 | |
| Enter build submenu | 48 | |
| Enter hero's abilities submenu | 8 | |
| Give item / drop item | 4 | |
| Remove unit from queue | 4 | |
| Right click | 834 | |
| Select / deselect | 399 | |
| Select group hotkey | 186 | |
| Use ability | 166 | |
1903 total
» units
| Peasant | 13 | |
| Footman | 5 | |
| Sorceress | 2 | |
| Goblin Shredder | 1 | |
| Dragonhawk Rider | 2 | |
23 total
» upgrades
| Lumber Harvesting | 2 | |
| Sorceress Training | 1 | |
| Masonry | 3 | |
| Magic Sentry | 1 | |
| Swords | 3 | |
| Armor | 3 | |
13 total
» buildings
| Altar of Kings | 1 | |
| Barracks | 1 | |
| Farm | 10 | |
| Keep | 1 | |
| Town Hall | 1 | |
| Arcane Vault | 2 | |
| Lumber Mill | 1 | |
| Scout Tower | 31 | |
| Arcane Sanctum | 1 | |
| Guard Tower | 6 | |
| Castle | 1 | |
| Gryphon Aviary | 4 | |
| Blacksmith | 2 | |
62 total
» build order
00:38 Altar of Kings
00:40 Barracks
00:53 Farm
01:05 Farm
01:07 Farm
02:05 Farm
03:31 Keep
03:55 Town Hall
04:12 Arcane Vault
04:15 Arcane Vault
04:23 Lumber Mill
05:37 Scout Tower
05:39 Scout Tower
05:40 Scout Tower
05:42 Scout Tower
05:45 Scout Tower
05:54 Arcane Sanctum
06:48 Guard Tower
07:16 Scout Tower
07:17 Scout Tower
07:17 Scout Tower
07:50 Guard Tower
08:17 Scout Tower
08:17 Scout Tower
08:19 Scout Tower
08:22 Scout Tower
08:24 Scout Tower
08:24 Scout Tower
08:27 Scout Tower
08:43 Farm
09:57 Guard Tower
12:37 Castle
14:02 Scout Tower
14:02 Scout Tower
14:03 Scout Tower
14:03 Scout Tower
14:04 Scout Tower
14:04 Scout Tower
15:09 Gryphon Aviary
15:11 Gryphon Aviary
15:11 Gryphon Aviary
15:12 Gryphon Aviary
15:47 Blacksmith
15:50 Blacksmith
15:57 Guard Tower
16:04 Scout Tower
16:04 Scout Tower
16:05 Scout Tower
16:06 Scout Tower
20:54 Farm
20:57 Farm
20:57 Farm
21:11 Farm
21:12 Farm
23:35 Scout Tower
23:36 Scout Tower
23:36 Scout Tower
23:36 Scout Tower
23:36 Scout Tower
25:23 Guard Tower
26:42 Guard Tower
» items
| Scroll of Regeneration | 9 | |
| Boots of Speed | 1 | |
| Potion of Invisibility | 2 | |
| Staff of Teleportation | 1 | |
| Potion of Healing | 5 | |
| Scroll of Town Portal | 6 | |
| Lesser Clarity Potion | 4 | |
| Potion of Mana | 2 | |
30 total
mass_attack (
pink | 63 APM | 1233 actions | 19:33)
3 Tauren Chieftain
1 War Stomp
2 Endurance Aura
» actions
| Assign group hotkey | 33 | |
| Build / train | 57 | |
| Enter build submenu | 13 | |
| Enter hero's abilities submenu | 3 | |
| Give item / drop item | 2 | |
| Right click | 514 | |
| Select / deselect | 177 | |
| Select group hotkey | 379 | |
| Use ability | 55 | |
1233 total
» units
» upgrades
| Melee Weapons | 3 | |
| Berserker Strength | 1 | |
| Armor | 2 | |
| Pulverize | 1 | |
| Reinforced Defenses | 1 | |
8 total
» buildings
| Altar of Storms | 1 | |
| Orc Burrow | 4 | |
| War Mill | 1 | |
| Voodoo Lounge | 2 | |
| Watch Tower | 1 | |
| Stronghold | 1 | |
| Barracks | 2 | |
| Fortress | 1 | |
| Tauren Totem | 1 | |
14 total
» build order
00:09 Altar of Storms
00:21 Orc Burrow
00:53 War Mill
01:31 Voodoo Lounge
02:09 Orc Burrow
02:28 Watch Tower
03:40 Stronghold
03:55 Barracks
04:41 Barracks
04:46 Orc Burrow
04:50 Orc Burrow
06:09 Fortress
08:22 Voodoo Lounge
12:13 Tauren Totem
» items
| Scroll of Speed | 9 | |
| Healing Salve | 2 | |
| Boots of Speed | 1 | |
| Potion of Healing | 1 | |
| Potion of Mana | 4 | |
| Lesser Clarity Potion | 4 | |
| Potion of Lesser Invulnerability | 1 | |
| Scroll of Town Portal | 2 | |
24 total
Chat log
(00:07 / All) FromOutONowhere: don't fool yourself
(00:13 / All) FromOutONowhere: she was heartache from the moment that you met her
(00:24 / All) El_poyo: negro
(00:25 / Allies) sweexcandy: who?
(00:26 / Allies) Jeezeus: rush guys?
(00:30 / Allies) mass_attack: rush YES
(00:32 / Allies) mass_attack: i do shop
(00:34 / Allies) sweexcandy: unit?
(00:40 / Allies) mass_attack: grunt taur
(00:41 / Allies) Jeezeus: ill get vam paura
(00:57 / Allies) sweexcandy: tc with hh and caster
(01:03 / Allies) mass_attack: not hh....lol
(01:10 / All) El_poyo: tauren
(01:14 / All) FromOutONowhere: backdoor beauty, Shea?
(01:21 / Allies) mass_attack: i do tauren
(01:24 / All) Shea_A: what?
(01:24 / Allies) mass_attack: do sh doc
(01:31 / Allies) sweexcandy: will get both doc and sh
(01:38 / Allies) mass_attack: ood
(01:40 / Allies) mass_attack: g
(01:42 / Allies) mass_attack: :o
(01:45 / Allies) sweexcandy: with tc and hh
(01:49 / Allies) mass_attack: omg
(02:00 / All) FromOutONowhere: what are you wearing teal?
(02:17 / All) Bruddamon: man, that one came from out of no where...
(02:22 / All) Shea_A: w/e u want me to wear
(02:35 / All) FromOutONowhere: I want you to wear a bearskin coat and a silly hat with a duck on it
(02:49 / All) Shea_A: so then buy it and mail it to me
(03:31 / Allies) mass_attack: mk foots
(03:36 / All) Shea_A: my adress is beq 633 great lakes iL, 60088
(03:45 / All) Shea_A: ill be waiting
(03:59 / All) sweexcandy: nice
(04:03 / All) FromOutONowhere: I want you to buy it
(04:07 / All) FromOutONowhere: I ain't made outta money, ho
(04:18 / Allies) mass_attack: spiders
(04:50 / Allies) Jeezeus: meet?
(04:54 / Allies) mass_attack: rofl
(05:39 / Allies) mass_attack: need boots
(05:48 / Allies) sweexcandy: ready?
(07:01 / Allies) sweexcandy: ready?
(07:03 / Allies) mass_attack: omg need ring
(07:05 / Allies) mass_attack: plz
(07:30 / Allies) mass_attack: the moral is
(07:34 / Allies) mass_attack: do TOWERS BEFORE main
(07:42 / All) El_poyo: i do
(07:50 / All) El_poyo: come plz
(07:59 / Allies) sweexcandy: run pink
(08:01 / Allies) sweexcandy: run
(09:03 / All) FromOutONowhere: I love you teal
(09:10 / All) FromOutONowhere: Let me show you how mcuh
(10:38 / Allies) mass_attack: jesus green
(11:09 / Allies) mass_attack: now u know why hh suck
(11:50 / All) FromOutONowhere: dick
(12:18 / All) El_poyo: dam
(12:38 / Allies) Jeezeus: kill units
(14:02 / Allies) mass_attack: aa??
(14:12 / Allies) mass_attack: good no aa
(15:36 / Allies) sweexcandy: gold please
(15:45 / Allies) sweexcandy: ty
(16:18 / All) El_poyo: wow green
(16:37 / All) El_poyo: that is so fucking gay
(16:44 / All) FromOutONowhere: what luck teal
(16:50 / All) Bruddamon: we map hack
(17:26 / Allies) sweexcandy: gren
(18:01 / Allies) sweexcandy: no green
(18:04 / Allies) sweexcandy: don't save me
(18:05 / Allies) sweexcandy: green
(18:10 / Allies) mass_attack: SO WHA IS HH GOOD FOR?
(18:16 / Allies) mass_attack: AA?
(18:18 / Allies) mass_attack: MELEE?
(18:21 / Allies) mass_attack: NOTHING
(18:39 / All) El_poyo: well green
(18:46 / All) El_poyo: hang yourself
(18:49 / Allies) mass_attack: =)
(19:15 / Allies) mass_attack: lol ud made melee
(19:19 / Allies) mass_attack: GFG
(19:28 / All) mass_attack: well team of noobs
(19:30 / All) mass_attack: gl
(19:36 / All) FromOutONowhere: lawl
(19:38 / All) El_poyo: well green is so fucking gay
(20:21 / All) sweexcandy: nice red
(20:33 / All) Bruddamon: you massed aa
(20:35 / All) Bruddamon: to take out just me
(20:38 / All) Bruddamon: theres still 3 of us
(21:33 / All) El_poyo: need aa
(22:02 / Allies) Jeezeus: b
(24:42 / Allies) sweexcandy: kill air
(25:54 / All) FromOutONowhere: I'm bossing son
(26:02 / All) sweexcandy: gg
(26:32 / All) El_poyo: wow
(26:32 / All) FromOutONowhere: YEAH SON
(26:37 / All) FromOutONowhere: DUMBASS PINK LOL
(26:46 / All) FromOutONowhere: cost himself a guaranteed win
(26:49 / All) FromOutONowhere: because he can't read a game